 Dungeon Crawl Stone Soup version 0.25-a0-458-g6fc7858b95 (webtiles) character file.

Game seed: 12025301225766828228, levelgen mode: deterministic

1523 Eurus the Magician (level 8, -5/63 HPs)
             Began as a Mummy Conjurer on Feb 2, 2020.
             Was an Initiate of Ashenzari.
             Slain by a yak (8 damage)
             ... on level 5 of the Dungeon.
             The game lasted 00:21:23 (7555 turns).

Eurus the Magician (Mummy Conjurer)                 Turns: 7555, Time: 00:21:24

Health: -5/63      AC:  3    Str: 12    XL:     8   Next: 54%
Magic:  11/18      EV: 12    Int: 16    God:    Ashenzari [......]
Gold:   285        SH:  0    Dex: 12    Spells: 18/21 levels left

rFire    x . .     SeeInvis .   h - +3 short sword (drain)
rCold    + . .     Gourm    .   (no shield)
rNeg     + + +     Faith    .   a - +0 robe
rPois    ∞         Spirit   .   b - +0 helmet
rElec    .         Reflect  .   g - scarf {cloud immunity}
rCorr    .         Harm     .   (no gloves)
MR       +....                  (no boots)
Stlth    ++++......             f - amulet of magic regeneration (curse)
HPRegen  0.20/turn              o - ring of stealth
MPRegen  0.41/turn              v - ring of stealth

@: no status effects
A: no food or potions, fire vulnerability, cold resistance 1, negative energy
resistance 3, torment resistance, unbreathing
a: Curse Item, Renounce Religion


You were on level 5 of the Dungeon.
You worshipped Ashenzari.
Ashenzari was noncommittal.
You were not hungry.

You visited 2 branches of the dungeon, and saw 7 of its levels.

You collected 285 gold pieces.

Inventory:

Hand Weapons
 h - a +3 short sword of draining (weapon)
 j - a +0 antimagic short sword
 p - a +0 quarterstaff
Armour
 a - a +0 robe (worn)
 b - a +0 helmet (worn)
 g - a scarf of cloud immunity (worn)
 w - a +0 cloak
 z - a +0 pair of boots
Magical Staves
 t - an uncursed staff of death
Jewellery
 f - a cursed amulet of magic regeneration (around neck)
 o - a ring of stealth (left hand)
 v - a ring of stealth (right hand)
Wands
 i - a wand of digging (9)
 n - a wand of polymorph (4)
 s - a wand of scattershot (5)
 x - a wand of paralysis (7)
Scrolls
 c - 5 scrolls of identify
 d - a scroll of teleportation {unknown}
 e - a scroll of enchant weapon
 k - a scroll of blinking
 l - a scroll of enchant armour
 m - a scroll of fear
 q - a scroll of magic mapping {unknown}
 r - a scroll of immolation {unknown}
 u - a scroll of fog {unknown}
 y - a scroll of torment {unknown}


   Skills:
 + Level 5.4 Fighting
 + Level 3.4 Staves
 - Level 1.5 Dodging
 - Level 1.5 Stealth
 + Level 7.2 Spellcasting
 + Level 5.7 Conjurations


You had 18 spell levels left.
You knew the following spells:

 Your Spells              Type           Power        Failure   Level  Hunger
a - Magic Dart            Conj           ###.         1%          1    N/A
b - Searing Ray           Conj           ###...       1%          2    N/A

Your spell library contained the following spells:

 Spells                   Type           Power        Failure   Level  Hunger
 Dazzling Flash           Conj/Hex       ###...       11%         3    N/A
 Fulminant Prism          Conj/Hex       ###.......   36%         4    N/A
 Iskenderun's Mystic Bla  Conj/Tloc      ###.....     36%         4    N/A

Dungeon Overview and Level Annotations

Branches:
Dungeon (6/15)             Temple (1/1) D:5

Altars:
Ashenzari
Elyvilon
Gozag
Hepliaklqana
Nemelex Xobeh
Qazlal
Trog
Uskayaw
Vehumet
Wu Jian
Xom
Yredelemnul
Zin

Shops:
D:3 *   D:4 }

Annotations:
D:3 Sigmund
D:4 Grinder


Innate Abilities, Weirdness & Mutations

You do not eat or drink.
Your flesh is vulnerable to fire.
You are immune to poison.
Your flesh is cold resistant. (rC+)
You are immune to negative energy. (rN+++)
You are immune to unholy pain and torment.
You can survive without breathing.


Message History

Aim: a yak (moderately wounded)
The searing ray hits the yak!
The yak is severely wounded. (Press . to maintain the ray.)
The yak gores you!
* * * LOW HITPOINT WARNING * * *
The searing ray hits the yak.
The yak is severely wounded.
The yak gores you.
* * * LOW HITPOINT WARNING * * *
The searing ray hits the yak.
The yak is almost dead.
The yak gores you!
* * * LOW HITPOINT WARNING * * *
The searing ray hits the yak.
The yak is almost dead.
You finish channeling your searing ray.
The yak snorts and paws the ground.
The yak gores you!
You die...

.##..####.##'##.#.......###....##
....## #................##....#
.....## #.....)##....%...##.)..##
...(..###....)..##.#.#...........
.....>....#.........##.........##
.......#####........##.(.........
........###..##..#..###.....#....
###.!........#......###...###....
#.....##.......@........###.....
###...#.........Y....<.## #..#..
###.#...##....[.....## ######
#...##.##...<......#
##................##
###..........###.# #.........###
### ##..#..#### ##.####


You could see a yak.

Vanquished Creatures
  3 yaks (D:5)
  An ice beast (D:5)
  2 bullfrogs (D:6)
  3 wights
  A howler monkey (D:6)
  2 crimson imps (D:5)
  A hound (D:3)
  4 orc wizards
  2 orc priests
  2 centaur skeletons
  Ijyb (D:3)
  2 iguanas
  A worker ant (D:6)
  Robin (D:3)
  5 gnolls
  8 adders
  An ooze (D:2)
  3 worms
  3 dart slugs
  3 leopard geckos
  17 orcs
  3 ball pythons
  13 bats
  4 giant cockroaches
  19 goblins
  6 hobgoblins
  4 jackals (D:2)
  3 quokkas
  4 frilled lizards
  17 kobolds
  A leopard gecko zombie (D:6)
  A quokka skeleton (D:5)
  7 rats
148 creatures vanquished.

Notes
Turn   | Place    | Note
-------+----------+-------------------------------------------
     0 | D:1      | Eurus the Mummy Conjurer began the quest for the Orb.
     0 | D:1      | Reached XP level 1. HP: 13/13 MP: 4/4
   262 | D:1      | Reached skill level 3 in Spellcasting
   353 | D:1      | Reached XP level 2. HP: 20/20 MP: 3/6
   368 | D:1      | Learned a level 2 spell: Searing Ray
   461 | D:1      | Reached skill level 1 in Fighting
   993 | D:2      | Reached XP level 3. HP: 26/26 MP: 3/7
  1797 | D:2      | Reached XP level 4. HP: 33/33 MP: 9/9
  2275 | D:3      | Found a white marble altar of Elyvilon.
  2370 | D:3      | Noticed Ijyb
  2414 | D:3      | Killed Ijyb
  2414 | D:3      | Reached skill level 4 in Spellcasting
  2449 | D:3      | Reached XP level 5. HP: 7/39 MP: 0/11
  2919 | D:3      | Found an opulent altar of Gozag.
  2919 | D:3      | Found Gozag's Platinum Reserve.
  2961 | D:3      | Noticed Sigmund
  3289 | D:3      | Noticed Robin
  3303 | D:3      | Killed Robin
  3638 | D:4      | Found Jeagorin's Gadget Shoppe.
  3927 | D:4      | Found a radiant altar of Vehumet.
  4175 | D:4      | Reached XP level 6. HP: 31/47 MP: 8/13
  4527 | D:4      | Noticed Grinder
  4959 | D:5      | Entered Level 5 of the Dungeon
  4960 | D:5      | Noticed an ice beast
  5163 | D:5      | Reached skill level 5 in Spellcasting
  5195 | D:5      | Found a staircase to the Ecumenical Temple.
  5201 | Temple   | Entered the Ecumenical Temple
  5449 | Temple   | Became a worshipper of Ashenzari the Shackled
  5568 | D:5      | Reached skill level 1 in Staves
  5964 | D:5      | Reached XP level 7. HP: 53/53 MP: 11/15
  6632 | D:6      | Reached skill level 6 in Spellcasting
  6632 | D:6      | Reached skill level 5 in Conjurations
  6912 | D:6      | Reached XP level 8. HP: 49/61 MP: 10/17
  6920 | D:6      | Found a bloodstained altar of Trog.
  7007 | D:5      | Reached skill level 5 in Fighting
  7268 | D:5      | Reached skill level 7 in Spellcasting
  7554 | D:5      | HP: 3/63 [yak (11)]
  7555 | D:5      | Slain by a yak

Levels and vault maps discovered:
D:1:      wander_arrival_fairy_ring, layout_basic
D:2:      layout_loops_ring, first_ration
D:3:      minmay_spotlight, layout_basic, old_standard_altar,
          nicolae_gozag_zags_fifth_avenue, uniq_sigmund, uniq_robin, uniq_ijyb
D:4:      layout_layer_cave, vehumet_crystals, marbit_many_paths, serial_shops,
          nicolae_shop_stone, gup_sewer_entry_spiral, uniq_grinder
D:5:      layout_cave_pools, minmay_temple_entry_enclosed_plants
D:6:      layout_cave_pools, nicolae_overflow_hidden_temple,
          kennysheep_small_spiral, nicolae_water_bricks,
          chequers_serial_rivers_marsh
Temple:   jpeg_temple_island

Skill      XL: |  1  2  3  4  5  6  7  8 |
---------------+-------------------------+-----
Spellcasting   | 3 4 5 6 7 |  7.2
Fighting       | 1 2 3 4 5 |  5.4
Conjurations   | 4 5 |  5.7
Staves         | 1 2 3 |  3.4
Dodging        | |  1.5
Stealth        | |  1.5

Action                   |  1- 3 |  4- 6 |  7- 9 || total
-------------------------+-------+-------+-------++-------
Melee: Unarmed           |     7 |       |       ||     7
       Dagger            |    13 |       |       ||    13
       Short sword       |     9 |   105 |    17 ||   131
 Cast: Magic Dart        |    56 |    68 |    46 ||   170
       Searing Ray       |     1 |    24 |    23 ||    48
Invok: Curse Item        |       |       |     1 ||     1
  Use: Scroll            |       |     7 |       ||     7
 Stab: Sleeping          |     2 |       |       ||     2
Armor: Robe              |    11 |    28 |     1 ||    40
Dodge: Dodged            |    28 |    92 |    23 ||   143

Table legend:
 A = Non-vault XP
 B = Vault XP
 C = Vault XP percentage of total XP
 D = Non-vault monster count
 E = Vault monster count
 F = Vault count percentage of total count
                 A         B        C        D         E       F
            +---------+---------+-------+---------+---------+-------
      Total |    2059 |     118 |   5.4 |     125 |      23 |  15.5
            +---------+---------+-------+---------+---------+-------
        D:1 |      30 |       0 |   0.0 |      18 |       0 |   0.0
        D:2 |      74 |       0 |   0.0 |      27 |       0 |   0.0
        D:3 |     113 |      78 |  40.8 |      27 |      16 |  37.2
        D:4 |     101 |      40 |  28.4 |       8 |       7 |  46.7
        D:5 |    1115 |       0 |   0.0 |      26 |       0 |   0.0
        D:6 |     626 |       0 |   0.0 |      19 |       0 |   0.0
            +---------+---------+-------+---------+---------+-------
